 Dungeon Crawl Stone Soup version 0.22-a0-612-gd2f0174 (webtiles) character file.

0 digijack the Protected (level 1, 17/17 HPs)
             Began as a Gnoll Wanderer on July 11, 2018.
             Got out of the dungeon alive.
             The game lasted 00:00:32 (32 turns).

digijack the Protected (Gnoll Wanderer)               Turns: 32, Time: 00:00:33

Health: 17/17      AC: 10    Str: 16    XL:     1   Next: 10%
Magic:  1/1        EV:  9    Int: 12    God:
Gold:   6          SH:  0    Dex: 14    Spells: 0/0 levels left

rFire    . . .     SeeInvis .   c - +0 club
rCold    . . .     Gourm    .   (no shield)
rNeg     . . .     Faith    .   a - +2 scale mail
rPois    .         Spirit   .   (no helmet)
rElec    .         Reflect  .   (no cloak)
rCorr    .         Harm     .   (no gloves)
MR       .....                  (no boots)
Stlth    ..........             (no amulet)
HPRegen  0.05/turn              (no ring)
MPRegen  0.07/turn              (no ring)

@: no status effects
A: distributed training, fangs 1, strong nose
a: no special abilities


You escaped.
You were not hungry.

You visited 1 branch of the dungeon, and saw 1 of its levels.

You collected 6 gold pieces.

Inventory:

Hand Weapons
 c - a +0 club (weapon)
Armour
 a - a +2 scale mail (worn)
Comestibles
 d - a ration


   Skills:
 + Level 2.3 Fighting
 + Level 0.0 Short Blades
 + Level 0.0 Long Blades
 + Level 0.0 Axes
 + Level 0.0 Maces & Flails
 + Level 0.0 Polearms
 + Level 0.0 Staves
 + Level 0.0 Slings
 + Level 2.3 Bows
 + Level 2.3 Crossbows
 + Level 2.3 Throwing
 + Level 10.3 Armour
 + Level 0.0 Dodging
 + Level 0.0 Stealth
 + Level 2.3 Shields
 + Level 0.0 Unarmed Combat
 + Level 0.0 Spellcasting
 + Level 0.0 Conjurations
 + Level 0.0 Hexes
 + Level 0.0 Charms
 + Level 0.0 Summonings
 + Level 0.0 Necromancy
 + Level 0.0 Translocations
 + Level 0.0 Transmutations
 + Level 0.0 Fire Magic
 + Level 0.0 Ice Magic
 + Level 0.0 Air Magic
 + Level 0.0 Earth Magic
 + Level 0.0 Poison Magic
 + Level 0.0 Invocations
 + Level 0.0 Evocations


You couldn't memorise any spells.
You didn't know any spells.
Your spell library was empty.

Dungeon Overview and Level Annotations

Branches:
Dungeon (1/15)

Altars:


Innate Abilities, Weirdness & Mutations

Your experience applies equally to all skills.
You have very sharp teeth.
Your uncanny sense of smell can sniff out nearby items.


Message History

Found a staircase leading out of the dungeon.
Your library has no spells.
You drop 2 potions of lignification.
As you open the door, it creaks loudly!
There is an open door here.
A rat comes into view.
You see here 6 gold pieces.
You completely miss the rat. The rat closely misses you. x2
You hit the rat.
You kill the rat!
You now have 6 gold pieces.
A hobgoblin comes into view. It is wielding a club.
The hobgoblin shouts!
You hear a shout!
A giant cockroach comes into view.
There is an open door here.
The giant cockroach waves its antennae.
There is a staircase leading out of the dungeon here.
You see here 2 potions of lignification.
Are you sure you want to leave the Dungeon?
This will make you lose the game!
You have escaped!

...... ### ..... ##.##
#...# ##...## #...#
##.....## #...#
##.......## #...#####
##.........####........
+.....@...sg'.#........
#####...#####..........
##.## ###........ #.#
###...... #.# #......
#.# #...... #+# #......
#...... #######


You could see a giant cockroach and a hobgoblin.

Vanquished Creatures
  A rat (D:1)
1 creature vanquished.

Notes
Turn   | Place    | Note
-------+----------+-------------------------------------------
     0 | D:1      | Reached skill level 10 in Armour
     0 | D:1      | digijack the Gnoll Wanderer began the quest for the Orb.
     0 | D:1      | digijack set off with: a +2 scale mail, 2 potions of lignification, a +0 club, a ration
     0 | D:1      | Reached XP level 1. HP: 17/17 MP: 1/1
    32 | D:$      | Got out of the dungeon alive.

Vault maps used:
D:1:      mrwooster_arrival_arrow, minmay_misc_feat_secret_circle

Skill      XL: | |
---------------+-+-----
Armour         | | 10.3
Fighting       | |  2.3
Bows           | |  2.3
Crossbows      | |  2.3
Throwing       | |  2.3
Shields        | |  2.3

Action                   || total
-------------------------++-------
Melee: Club              ||     2
Dodge: Dodged            ||     2

Table legend:
 A = Spawn XP
 B = Non-spawn XP
 C = Spawn XP percentage of total XP
 D = Spawn monster count
 E = Non-spawn monster count
 F = Spawn count percentage of total count
 G = Total turns spent on level
                    A         B        C        D         E        F      G
               +---------+---------+-------+---------+---------+-------+---------
         Total |       0 |       1 |   0.0 |       0 |       1 |   0.0 |    32
               +---------+---------+-------+---------+---------+-------+---------
           D:1 |       0 |       1 |   0.0 |       0 |       1 |   0.0 |    32
               +---------+---------+-------+---------+---------+-------+---------
